TOP OF THE 1ST |
Surrey Sinners batting - Pitching for Chula Vista Tacos : RHP Luis Trevino
|
Pitching: RHP Luis Trevino
|
|
Batting: RHB Gustavo Torres
|
0-0: Ball 1-0: Ball 2-0: Called Strike 2-1: Swinging Strike 2-2: Strikes out swinging
|
Batting: RHB José Toro
|
0-0: Called Strike 0-1: Foul Ball, location: 2F 0-2: Ball 1-2: Foul Ball, location: 2F 1-2: Ground out 1-3 (Groundball, 15)
|
Batting: RHB Víctor Arredondo
|
0-0: Ball 1-0: Ground out 5-3 (Groundball, 56)
|
Top of the 1st over - 0 run(s), 0 hit(s), 0 error(s), 0 left on base; Surrey 0 - Chula Vista 0 |
BOTTOM OF THE 1ST |
Chula Vista Tacos batting - Pitching for Surrey Sinners : LHP Dennis Morales
|
Pitching: LHP Dennis Morales
|
|
Batting: RHB Jorge Collazo
|
0-0: Fly out, F8 (Line Drive, 8RM)
|
Batting: LHB Alberto Santos
|
0-0: Called Strike 0-1: Ground out 4-3 (Groundball, 34)
|
Batting: SHB Adrián Nieto
|
0-0: Ball 1-0: Called Strike 1-1: Called Strike 1-2: Foul Ball, location: 2F 1-2: Strikes out swinging
|
Bottom of the 1st over - 0 run(s), 0 hit(s), 0 error(s), 0 left on base; Surrey 0 - Chula Vista 0 |
TOP OF THE 2ND |
Surrey Sinners batting - Pitching for Chula Vista Tacos : RHP Luis Trevino
|
Batting: RHB Max Alexander
|
0-0: Ball 1-0: Ball 2-0: Called Strike 2-1: Called Strike 2-2: Ball 3-2: Base on Balls
|
Batting: RHB Miguel Palácios
|
0-0: Ball 1-0: Fielders Choice at 2nd, 6-4 (Groundball, 6)
|
Batting: LHB Buddy Rice
|
0-0: Ball Throwing error on steal attempt, E2 Miguel Palácios to third 1-0: Called Strike 1-1: Ball 2-1: Foul Ball, location: 2F 2-2: Strikes out swinging
|
Batting: RHB Dave Anderson
|
0-0: Called Strike 0-1: Swinging Strike 0-2: DOUBLE (Line Drive, 7LM) Miguel Palácios scores
|
Batting: RHB Omar Tobías
|
0-0: Called Strike 0-1: Ground out 5-3 (Groundball, 56)
|
Top of the 2nd over - 1 run(s), 1 hit(s), 1 error(s), 1 left on base; Surrey 1 - Chula Vista 0 |
BOTTOM OF THE 2ND |
Chula Vista Tacos batting - Pitching for Surrey Sinners : LHP Dennis Morales
|
Batting: RHB Marty Hendrickson
|
0-0: Called Strike 0-1: Ball 1-1: Called Strike 1-2: SINGLE (Groundball, 34)
|
Batting: RHB Griswold Coleman
|
0-0: Ball 1-0: Called Strike 1-1: Foul Ball, location: 2F 1-2: Ball 2-2: Foul Ball, location: 2F 2-2: Foul Ball, location: 2F 2-2: Ball 3-2: Foul Ball, location: 2F 3-2: Base on Balls Marty Hendrickson to second
|
Batting: RHB Ryan Cates
|
0-0: Swinging Strike 0-1: Ball 1-1: Ball 2-1: Ball 3-1: Called Strike 3-2: Reached on error, E3 (Groundball, 3S) Marty Hendrickson to third Griswold Coleman to second
|
Batting: LHB Ray Bryant
|
0-0: Ball 1-0: Called Strike 1-1: Ball 2-1: Called Strike 2-2: Foul Ball, location: 2F 2-2: Ball 3-2: Grounds into double play, 4-6-3 (Groundball, 34) Marty Hendrickson scores Griswold Coleman to third
|
Batting: RHB Doug Brown
|
0-0: Ball Wild Pitch! Griswold Coleman scores 1-0: Ball 2-0: Called Strike 2-1: Ball 3-1: Base on Balls
|
Batting: LHB Ken Phillips
|
0-0: Ball 1-0: Swinging Strike 1-1: Ball 2-1: Ball 3-1: Base on Balls Doug Brown to second
|
Batting: RHB Jorge Collazo
|
0-0: Ball 1-0: 3-RUN HOME RUN (Flyball, 8LXD), Distance : 434 ft
|
Batting: LHB Alberto Santos
|
0-0: Called Strike 0-1: Swinging Strike 0-2: Foul Ball, location: 2F 0-2: SINGLE (Groundball, 4M)
|
Batting: SHB Adrián Nieto
|
0-0: Ball 1-0: Ball 2-0: 2-RUN HOME RUN (Flyball, 7D), Distance : 399 ft
|
Batting: RHB Marty Hendrickson
|
0-0: Ball 1-0: Called Strike 1-1: SINGLE (Line Drive, 6MD)
|
Batting: RHB Griswold Coleman
|
0-0: Called Strike 0-1: Swinging Strike 0-2: Ball 1-2: Ball 2-2: Fielders Choice at 2nd, 5-4 (Groundball, 5)
|
Bottom of the 2nd over - 7 run(s), 5 hit(s), 1 error(s), 0 left on base; Surrey 1 - Chula Vista 7 |
TOP OF THE 3RD |
Surrey Sinners batting - Pitching for Chula Vista Tacos : RHP Luis Trevino
|
Batting: RHB Ryan Parrish
|
0-0: Called Strike 0-1: Fly out, F4 (Popup, 4D)
|
Batting: RHB Gustavo Torres
|
0-0: Fly out, F9 (Line Drive, 9M)
|
Batting: RHB José Toro
|
0-0: Hit by Pitch
|
Batting: RHB Víctor Arredondo
|
0-0: Swinging Strike 0-1: Foul Ball, location: 2F 0-2: Ball 1-2: Ball 2-2: Strikes out swinging
|
Top of the 3rd over - 0 run(s), 0 hit(s), 0 error(s), 1 left on base; Surrey 1 - Chula Vista 7 |
BOTTOM OF THE 3RD |
Chula Vista Tacos batting - Pitching for Surrey Sinners : LHP Dennis Morales
|
Batting: RHB Ryan Cates
|
0-0: Ball 1-0: Ball 2-0: Ball 3-0: Called Strike 3-1: SINGLE (Groundball, 6D)
|
Batting: LHB Ray Bryant
|
0-0: Called Strike Ryan Cates steals 2nd base 0-1: Ball 1-1: Ball 2-1: Foul Ball, location: 2F 2-2: Ball 3-2: Base on Balls
|
Batting: RHB Doug Brown
|
0-0: Ball 1-0: Called Strike 1-1: Ball Ryan Cates steals 3rd base Ray Bryant to second 2-1: Foul Ball, location: 2F 2-2: Foul Ball, location: 2F 2-2: Foul Ball, location: 2F 2-2: Foul Ball, location: 2F 2-2: Foul Ball, location: 2F 2-2: Foul Ball, location: 2F 2-2: Foul Ball, location: 2F 2-2: Foul Ball, location: 2F 2-2: Ball 3-2: Base on Balls
|
Pitching: RHP Diego González
|
|
Batting: LHB Ken Phillips
|
0-0: Called Strike 0-1: Ball 1-1: Ball 2-1: Swinging Strike 2-2: Foul Ball, location: 2F 2-2: Strikes out swinging
|
Batting: RHB Jorge Collazo
|
0-0: Called Strike 0-1: Ball 1-1: Foul Ball, location: 2F 1-2: Ball 2-2: Ball 3-2: Base on Balls Ryan Cates scores Ray Bryant to third Doug Brown to second
|
Batting: LHB Alberto Santos
|
0-0: Foul Ball, location: 2F 0-1: Swinging Strike 0-2: Ball 1-2: Foul Ball, location: 2F 1-2: Grounds into double play, U4-3 (Groundball, 4M)
|
Bottom of the 3rd over - 1 run(s), 1 hit(s), 0 error(s), 2 left on base; Surrey 1 - Chula Vista 8 |
TOP OF THE 4TH |
Surrey Sinners batting - Pitching for Chula Vista Tacos : RHP Luis Trevino
|
Batting: RHB Max Alexander
|
0-0: Called Strike 0-1: Ball 1-1: Ball 2-1: Foul Ball, location: 2F 2-2: Strikes out looking
|
Batting: RHB Miguel Palácios
|
0-0: Called Strike 0-1: Fly out, F8 (Flyball, 8RS)
|
Batting: LHB Buddy Rice
|
0-0: Called Strike 0-1: Fly out, F5 (Popup, 56)
|
Top of the 4th over - 0 run(s), 0 hit(s), 0 error(s), 0 left on base; Surrey 1 - Chula Vista 8 |
BOTTOM OF THE 4TH |
Chula Vista Tacos batting - Pitching for Surrey Sinners : RHP Diego González
|
Batting: SHB Adrián Nieto
|
0-0: Ball 1-0: Ball 2-0: Ground out 3-1 (Groundball, 34)
|
Batting: RHB Marty Hendrickson
|
0-0: Ball 1-0: Ground out 6-3 (Groundball, 6M)
|
Batting: RHB Griswold Coleman
|
0-0: Called Strike 0-1: Ball 1-1: Ball 2-1: Foul Ball, location: 2F 2-2: Fly out, F9 (Flyball, 9M)
|
Bottom of the 4th over - 0 run(s), 0 hit(s), 0 error(s), 0 left on base; Surrey 1 - Chula Vista 8 |
TOP OF THE 5TH |
Surrey Sinners batting - Pitching for Chula Vista Tacos : RHP Luis Trevino
|
Batting: RHB Dave Anderson
|
0-0: Foul Ball, location: 2F 0-1: Foul Ball, location: 2F 0-2: Ball 1-2: Ball 2-2: SINGLE (Groundball, 4MD)
|
Batting: RHB Omar Tobías
|
0-0: Fly out, F9 (Flyball, 9M)
|
Batting: RHB Ryan Parrish
|
0-0: Ball Dave Anderson steals 2nd base 1-0: Fly out, F9 (Flyball, 89M)
|
Batting: RHB Gustavo Torres
|
0-0: Called Strike 0-1: Ground out 3-1 (Groundball, 34)
|
Top of the 5th over - 0 run(s), 1 hit(s), 0 error(s), 1 left on base; Surrey 1 - Chula Vista 8 |
BOTTOM OF THE 5TH |
Chula Vista Tacos batting - Pitching for Surrey Sinners : RHP Diego González
|
Batting: RHB Ryan Cates
|
0-0: Ground out 4-3 (Groundball, 13)
|
Batting: LHB Ray Bryant
|
0-0: Ball 1-0: Bunt for hit - play at first, batter OUT! 5-3
|
Batting: RHB Doug Brown
|
0-0: Fly out, F7 (Flyball, 7M)
|
Bottom of the 5th over - 0 run(s), 0 hit(s), 0 error(s), 0 left on base; Surrey 1 - Chula Vista 8 |
TOP OF THE 6TH |
Surrey Sinners batting - Pitching for Chula Vista Tacos : RHP Luis Trevino
|
Batting: RHB José Toro
|
0-0: Ball 1-0: Fly out, F9 (Flyball, 9M)
|
Batting: RHB Víctor Arredondo
|
0-0: Ball 1-0: Ground out 6-3 (Groundball, 6M)
|
Batting: RHB Max Alexander
|
0-0: Ball 1-0: Ball 2-0: Fly out, F8 (Line Drive, 8LXD)
|
Top of the 6th over - 0 run(s), 0 hit(s), 0 error(s), 0 left on base; Surrey 1 - Chula Vista 8 |
BOTTOM OF THE 6TH |
Chula Vista Tacos batting - Pitching for Surrey Sinners : RHP Diego González
|
Batting: LHB Ken Phillips
|
0-0: Ground out 4-3 (Groundball, 4)
|
Batting: RHB Jorge Collazo
|
0-0: Ball 1-0: Called Strike 1-1: SINGLE (Line Drive, 89S)
|
Batting: LHB Alberto Santos
|
0-0: Called Strike 0-1: Ball 1-1: Ball 2-1: Foul Ball, location: 2F 2-2: Ball Jorge Collazo is caught stealing 2nd base 3-2: Fly out, F6 (Popup, 5DF)
|
Bottom of the 6th over - 0 run(s), 1 hit(s), 0 error(s), 0 left on base; Surrey 1 - Chula Vista 8 |
TOP OF THE 7TH |
Surrey Sinners batting - Pitching for Chula Vista Tacos : RHP Luis Trevino
|
Batting: RHB Miguel Palácios
|
0-0: Ball 1-0: Called Strike 1-1: Ground out 4-3 (Groundball, 4M)
|
Batting: LHB Buddy Rice
|
0-0: Ball 1-0: Ground out 6-3 (Groundball, 6M)
|
Batting: RHB Dave Anderson
|
0-0: Ball 1-0: Ball 2-0: Fly out, F3 (Popup, 3F)
|
Top of the 7th over - 0 run(s), 0 hit(s), 0 error(s), 0 left on base; Surrey 1 - Chula Vista 8 |
BOTTOM OF THE 7TH |
Chula Vista Tacos batting - Pitching for Surrey Sinners : RHP Diego González
|
Pitching: RHP Tomás Silva
|
|
Batting: SHB Adrián Nieto
|
0-0: Swinging Strike 0-1: Called Strike 0-2: Foul Ball, location: 2F 0-2: Strikes out looking
|
Batting: RHB Marty Hendrickson
|
0-0: Ball 1-0: Called Strike 1-1: DOUBLE (Flyball, 8LXD)
|
Batting: RHB Griswold Coleman
|
0-0: Ball 1-0: Ball 2-0: Ball 3-0: Called Strike 3-1: Base on Balls
|
Batting: RHB Ryan Cates
|
0-0: DOUBLE (Line Drive, 7LM) Marty Hendrickson scores Griswold Coleman to third Runner from 3rd tries for Home, throw and OUT! Runner from 2nd tries for 3rd, throw and SAFE!
|
Batting: LHB Ray Bryant
|
0-0: Ball 1-0: Swinging Strike 1-1: Ball 2-1: Called Strike 2-2: Strikes out looking
|
Bottom of the 7th over - 1 run(s), 2 hit(s), 0 error(s), 1 left on base; Surrey 1 - Chula Vista 9 |
TOP OF THE 8TH |
Surrey Sinners batting - Pitching for Chula Vista Tacos : RHP Luis Trevino
|
Now at 3B: Brian Price
|
|
Batting: RHB Omar Tobías
|
0-0: Called Strike 0-1: Foul Ball, location: 2F 0-2: Strikes out looking
|
Batting: RHB Ryan Parrish
|
0-0: Ball 1-0: Called Strike 1-1: Ball 2-1: Called Strike 2-2: Strikes out looking
|
Batting: RHB Gustavo Torres
|
0-0: Ball 1-0: Ball 2-0: Ball 3-0: Called Strike 3-1: Foul Ball, location: 2F 3-2: Foul Ball, location: 2F 3-2: Base on Balls
|
Pitching: LHP Geoff Williams
|
|
Batting: RHB José Toro
|
0-0: Ball 1-0: Foul Ball, location: 2F 1-1: Swinging Strike 1-2: Foul Ball, location: 2F 1-2: Ball 2-2: Foul Ball, location: 2F 2-2: Ball 3-2: Foul Ball, location: 2F 3-2: Base on Balls Gustavo Torres to second
|
Batting: RHB Víctor Arredondo
|
0-0: Ball 1-0: Called Strike 1-1: Foul Ball, location: 2F 1-2: Strikes out looking
|
Top of the 8th over - 0 run(s), 0 hit(s), 0 error(s), 2 left on base; Surrey 1 - Chula Vista 9 |
BOTTOM OF THE 8TH |
Chula Vista Tacos batting - Pitching for Surrey Sinners : RHP Tomás Silva
|
Batting: RHB Doug Brown
|
0-0: Ball 1-0: Ball 2-0: Ball 3-0: Called Strike 3-1: Base on Balls
|
Batting: LHB Ken Phillips
|
0-0: Bunt missed! 0-1: Bunted foul 0-2: Ball 1-2: Fielders Choice at 2nd, 4-6 (Groundball, 4)
|
Batting: RHB Jorge Collazo
|
0-0: Swinging Strike 0-1: Swinging Strike 0-2: Ball 1-2: Ball 2-2: Ball 3-2: Strikes out swinging
|
Batting: LHB Alberto Santos
|
0-0: Fly out, F5 (Line Drive, 56)
|
Bottom of the 8th over - 0 run(s), 0 hit(s), 0 error(s), 1 left on base; Surrey 1 - Chula Vista 9 |
TOP OF THE 9TH |
Surrey Sinners batting - Pitching for Chula Vista Tacos : LHP Geoff Williams
|
Batting: RHB Max Alexander
|
0-0: Ball 1-0: Ball 2-0: Called Strike 2-1: Foul Ball, location: 2F 2-2: Foul Ball, location: 2F 2-2: Foul Ball, location: 2F 2-2: Strikes out swinging
|
Pinch Hitting: LHB Benny Richard
|
0-0: Called Strike 0-1: Swinging Strike 0-2: Ball 1-2: Ground out 5-3 (Groundball, 5L)
|
Batting: LHB Buddy Rice
|
0-0: Ball 1-0: Ball 2-0: Swinging Strike 2-1: Swinging Strike 2-2: Strikes out swinging
|
Top of the 9th over - 0 run(s), 0 hit(s), 0 error(s), 0 left on base; Surrey 1 - Chula Vista 9 |
|